Map: 2000 애트모스피어 - 래더

Players

DPGZest (Zest) - Winner!

  • Race: Protoss Protoss

Bunny

  • Race: Terran Terran
  • League: Bronze

Event: StayAtHome Story Cup #4

VOD

Have the link to the VOD?

Description

Time

  • Played on: Oct. 22, 2021, 8:09 a.m.
  • Length: 7:17

All games in this series

Show
View Real Time Build Order
Export as new Build Order

DPGZest Protoss - Winner!

Build Orders: 1 Gate Expand, Blink Stalkers 

Get SALT Encoding   

  12  0:00  Probe  
  13  0:12  Probe  
  14  0:17  Pylon  
  14  0:24  Probe (Chrono Boost)  
  16  0:36  Gateway, Probe (Chrono Boost)  
  16  0:43  Probe (Chrono Boost)  
  16  0:45  Assimilator  
  17  0:51  Probe  
  18  1:03  Probe  
  19  1:15  Probe  
  20  1:22  Cybernetics Core  
  20  1:30  Nexus  
  20  1:32  Probe  
  21  1:40  Pylon  
  21  1:44  Probe  
  22  1:48  Assimilator  
  22  1:56  Probe, Adept (Chrono Boost)  
  22  2:00  Warp Gate  
  25  2:08  Probe  
  26  2:17  Twilight Council  
  26  2:20  Probe  
  27  2:27  Stalker  
  29  2:33  Probe  
  30  2:38  Gateway  
  30  2:42  Probe  
  31  2:45  Probe  
  31  2:47  Blink (Chrono Boost)  
  32  2:54  Probe  
  32  2:57  Probe  
  34  3:06  Probe  
  34  3:09  Probe  
  36  3:18  Robotics Facility, Probe  
  37  3:21  Probe  
  37  3:26  Pylon  
  38  3:30  Probe  
  38  3:33  Probe  
  40  3:42  Assimilator, Probe  
  40  3:45  Probe  
  40  3:48  Stalker x2  
  46  3:50  Pylon  
  46  3:55  Probe  
  47  3:57  Probe  
  47  3:58  Assimilator  
  47  4:01  Pylon  
  48  4:07  Pylon  
  48  4:09  Probe  
  49  4:11  Stalker x2  
  49  4:12  Probe  
  52  4:21  Probe  
  52  4:22  Shield Battery  
  53  4:24  Probe  
  53  4:25  Observer  
  55  4:33  Probe  
  55  4:35  Stalker x2  
  55  4:37  Probe  
  55  4:45  Probe  
  50  4:49  Probe  
  51  4:53  Warp Prism (Chrono Boost)  
  51  4:57  Probe  
  51  4:58  Dark Shrine  
  54  5:01  Probe  
  51  5:09  Probe  
  51  5:10  Stalker  
  51  5:11  Stalker  
  51  5:13  Probe  
  57  5:19  Observer  
  57  5:21  Probe  
  57  5:23  Gateway  
  57  5:25  Gateway, Probe  
  59  5:33  Probe  
  59  5:35  Stalker x2  
  62  5:37  Probe  
  61  5:44  Pylon  
  61  5:45  Probe  
  61  5:46  Pylon  
  61  5:49  Probe  
  63  5:54  Shield Battery  
  63  6:00  Stalker x2  
  63  6:04  Pylon  
  65  6:31  Probe x2  
  65  6:32  Dark Templar x4  
  65  7:00  Probe  
  65  7:01  Probe  
  63  7:09  Nexus  
  63  7:11  Pylon  
  63  7:14  Pylon  
Show
View Real Time Build Order
Export as new Build Order

Bunny Terran 

Build Orders:  

Get SALT Encoding   

  12  0:00  SCV  
  13  0:12  SCV  
  14  0:17  Supply Depot  
  14  0:24  SCV  
  15  0:38  SCV  
  15  0:40  Barracks  
  15  0:42  Refinery  
  16  0:50  SCV  
  17  1:03  SCV  
  18  1:15  SCV  
  19  1:27  Marine, Orbital Command  
  20  1:39  Command Center  
  20  1:49  Factory  
  20  1:53  SCV  
  21  2:01  Barracks Reactor  
  21  2:03  Supply Depot  
  21  2:06  SCV  
  22  2:09  Refinery  
  22  2:18  SCV  
  23  2:30  SCV  
  23  2:33  Hellion  
  26  2:37  Starport, Marine x2  
  26  2:42  SCV  
  29  2:50  Orbital Command  
  29  2:55  Hellion  
  29  2:56  Marine  
  29  2:58  Marine  
  32  3:01  SCV  
  34  3:13  SCV  
  34  3:14  Medivac  
  34  3:17  SCV  
  34  3:19  Hellion, Marine  
  41  3:22  Marine  
  42  3:28  Supply Depot  
  42  3:29  SCV  
  42  3:30  SCV  
  44  3:39  Marine  
  44  3:40  Marine  
  46  3:45  Starport Tech Lab, Factory Tech Lab  
  46  3:49  SCV x2  
  48  3:58  Supply Depot, Barracks  
  48  3:59  Barracks  
  48  4:01  Marine x2  
  50  4:03  SCV  
  50  4:04  SCV  
  51  4:15  SCV  
  51  4:17  SCV  
  50  4:21  Siege Tank  
  50  4:22  Raven  
  50  4:23  Marine x2  
  57  4:28  SCV  
  57  4:29  SCV  
  54  4:34  Bunker  
  52  4:41  Marine x2  
  49  4:46  SCV x2  
  49  4:48  Marine x2  
  46  4:53  Siege Tank  
  46  4:58  Marine x2  
  46  5:06  Marine x2  
  44  5:09  SCV x2  
  43  5:16  Marine x2  
  45  5:23  Marine  
  45  5:24  Marine  
  45  5:25  Siege Tank  
  45  5:28  SCV x2  
  52  5:34  Marine x2  
  54  5:40  SCV x2  
  56  5:43  Barracks Tech Lab, Starport Reactor  
  56  5:47  Refinery, Engineering Bay  
  56  5:48  Refinery  
  56  5:52  SCV x2  
  56  5:56  Supply Depot  
  58  6:01  Marine x4  
  62  6:10  Supply Depot  
  62  6:12  SCV  
  62  6:15  SCV  
  60  6:20  Marauder x2  
  60  6:22  Marine x2  
  66  6:31  SCV x2  
  64  6:34  Medivac x2  
  61  6:40  Missile Turret  
  61  6:42  Marauder x2, Marine  
  61  6:51  Missile Turret  
  46  7:04  SCV x2  
Tags
 
Add a new tag
Caveats
  • Supply blocks, unpowered buildings, or Contaminate may cause inaccurate times.
  • Supply counts are checked every 10 seconds.